cohdb
Replays
Latest Replays
All Replays
Popular Replays
Top Player Replays
Match Explorer
How It Works
Community
CoH3 Stats
Reddit
Sign in to upload your games and track your stats! →
Sign in with Steam
Match 44739841
Unlisted
Match 44739841
Overview
Messages
Build Orders
End
Vickers Machine Gun Team
Construct Section Command Post
Infantry Section
Selects Heavy Armor Battlegroup
Infantry Section
Infantry Section
Selects Rigorous Vehicle Training
Grenade Package
Construct Platoon Command Post
6-pounder Anti-tank Gun Team
Construct Field Infirmary
Construct Field Infirmary
Selects Forward Repair Assembly
Infantry Section
6-pounder Anti-tank Gun Team
Infantry Training
AI Takeover
Evelynn
BlueSkidrow™
miragefla
aSIIDemolitionHammer
0
0
Comments
sign in to comment!
No comments posted yet!